AoeStats
← ZamSerg

Pilgrims

507943467Analyzed
4v4 RM · 11d ago on Sep 20, 2026· 64m 59s· 8 players
Game mode
Random Map
Map size
Large (8 player)
Population
200
Speed
Normal
Resources
Standard
Victory
Conquest
Starting age
Dark Age
Ending age
Imperial Age
RankedLock teamsTeams togetherTeam positionsShared explorationLock speedFull tech treeHidden civsTurbo modeCheats
Victory
Defeat
🇨🇳 Japanese · China
1262
+13
🇹🇼 Britons · Taiwan
1253
+14
🇹🇼 Poles · Taiwan
1237
+14
🇹🇼 Mongols · Taiwan
1193
+16
🇷🇺 Celts · Russia
1247
-16
🇨🇦 Malay · Canada
1187
-14
🇫🇮 Japanese · Finland
1186
-14
🇨🇭 Italians · Switzerland
1179
-13
bimurock
6:26 Loom
6:26 Loom
11:21 Feudal Age
17:09 Bloodlines
18:52 Wheelbarrow
18:04 Double-Bit Axe
18:52 Horse Collar
19:09 Town Watch
20:44 Fishing Lines
23:39 Gold Mining
23:39 Stone Mining
24:04 Forging
24:00 Scale Barding Armor
24:45 Fletching
29:37 Castle Age
29:37 Padded Archer Armor
30:35 Hand Cart
30:35 Bow Saw
29:59 Crossbowman
31:04 Bodkin Arrow
34:42 Scale Mail Armor
36:14 Thumb Ring
37:54 Ballistics
37:15 Treadmill Crane
40:04 Stone Shaft Mining
39:43 Szlachta Privileges
41:21 Iron Casting
44:36 Imperial Age
43:47 Husbandry
43:08 Light Cavalry
46:36 Conscription
46:33 Bracer
47:37 Chemistry
46:30 Arbalester
48:47 Winged Hussar
50:18 Lechitic Legacy
52:30 Heavy Plow
52:40 Squires
52:25 Arson
54:38 Iron Casting
54:24 Chain Barding Armor
55:15 Town Patrol
59:36 Stone Shaft Mining
62:13 Blast Furnace
64:32 Crop Rotation
pasonnosap
12:44 Feudal Age
15:43 Double-Bit Axe
18:21 Castle Age
16:14 Gold Mining
16:07 Horse Collar
16:16 Fishing Lines
16:48 Fletching
17:20 Padded Archer Armor
17:38 Stone Mining
19:25 Bodkin Arrow
19:45 Leather Archer Armor
19:28 Gillnets
20:46 Bow Saw
24:08 Wheelbarrow
27:40 Imperial Age
26:58 Loom
28:17 Ballistics
28:57 Bracer
32:09 Chemistry
32:43 Conscription
35:21 Heavy Plow
36:40 Two-Man Saw
40:48 Elite Longbowman
41:49 Yeomen
43:02 Hoardings
43:22 Hand Cart
46:21 Forging
46:42 Ring Archer Armor
46:13 Scale Mail Armor
47:51 Masonry
47:22 Treadmill Crane
47:58 Siege Engineers
49:27 Iron Casting
49:46 Warwolf
49:30 Pikeman
50:10 Squires
49:56 Arson
52:57 Blast Furnace
52:12 Chain Mail Armor
51:27 Halberdier
1722767622
13:38 Feudal Age
12:34 Loom
14:56 Fishing Lines
16:05 Double-Bit Axe
25:34 Castle Age
23:21 Loom
25:37 Castle Age
25:10 Fletching
28:04 Medium Warships
28:49 Wheelbarrow
28:00 Town Watch
30:31 Horse Collar
36:24 Scale Mail Armor
36:35 Forging
38:49 Hand Cart
39:40 Gold Mining
39:41 Stone Mining
40:16 Ballistics
40:55 Bodkin Arrow
41:16 Chain Mail Armor
41:41 Town Patrol
42:21 Iron Casting
45:16 Imperial Age
43:05 Bow Saw
43:09 Murder Holes
46:26 Gold Shaft Mining
46:08 Elite Samurai
47:09 Conscription
49:09 Plate Mail Armor
48:40 Bracer
48:43 Padded Archer Armor
49:49 Chemistry
49:03 Masonry
48:36 Treadmill Crane
49:01 Siege Engineers
48:48 Guard Tower
49:53 Pikeman
50:34 Squires
50:33 Halberdier
53:33 Yasama
53:40 Arrowslits
54:31 Keep
56:10 Heavy Plow
59:14 Two-Man Saw
59:59 Blast Furnace
62:35 Spies/Treason
65:48 Careening
65:49 Clinker Construction
popibo
9:54 Loom
13:31 Feudal Age
20:13 Castle Age
20:03 Double-Bit Axe
28:11 Wheelbarrow
28:35 Horse Collar
29:09 Bow Saw
32:47 Heavy Plow
36:00 Imperial Age
33:51 Padded Archer Armor
33:53 Fletching
34:42 Hand Cart
34:59 Gold Mining
35:41 Stone Mining
36:27 Gold Shaft Mining
36:12 Leather Archer Armor
36:14 Bodkin Arrow
37:06 Conscription
37:41 Bracer
38:57 Elite Mangudai
42:30 Chemistry
41:51 Ballistics
44:20 Parthian Tactics
44:02 Thumb Ring
48:15 Scale Barding Armor
48:21 Forging
49:08 Bloodlines
48:59 Husbandry
48:20 Elite Steppe Lancer
50:05 Chain Barding Armor
51:11 Siege Engineers
DropDongHitBong420
4:23 Loom
13:03 Feudal Age
16:17 Castle Age
14:13 Fishing Lines
14:36 Double-Bit Axe
17:07 Fletching
19:25 Horse Collar
23:20 Bow Saw
25:49 Town Watch
26:49 Heavy Plow
27:31 Wheelbarrow
31:43 Hand Cart
31:30 Town Patrol
33:23 Scale Barding Armor
33:28 Forging
33:17 Bodkin Arrow
36:02 Husbandry
36:43 Iron Casting
37:15 Town Patrol
39:50 Imperial Age
38:38 Elite Battle Elephant
40:18 Conscription
45:04 Blast Furnace
54:26 Medium Warships
55:18 Forced Levy
54:59 Demolition Ship
57:35 Gillnets
Dvu
6:15 Loom
11:08 Feudal Age
16:10 Castle Age
15:01 Fletching
19:04 Medium Warships
19:10 Double-Bit Axe
20:47 Fishing Lines
29:19 Padded Archer Armor
35:28 Gillnets
42:50 Imperial Age
42:12 Bloodlines
42:11 Husbandry
41:32 Light Cavalry
45:53 Scale Barding Armor
50:22 Chain Barding Armor
50:14 Forging
52:29 Iron Casting
55:11 Wheelbarrow
58:29 Hand Cart
59:43 Plate Barding Armor
60:18 Bow Saw
Titan
3:52 Loom
11:01 Feudal Age
12:01 Double-Bit Axe
13:52 Fletching
15:30 Wheelbarrow
17:29 Town Watch
23:41 Castle Age
21:24 Horse Collar
22:08 Scale Mail Armor
23:02 Arson
23:29 Forging
25:09 Chain Mail Armor
25:30 Iron Casting
ZamSerg
6:15 Loom
13:04 Feudal Age
13:08 Man-at-Arms
13:37 Arson
13:46 Fishing Lines
14:40 Double-Bit Axe
17:03 Wheelbarrow
19:53 Castle Age
19:58 Gold Mining
19:58 Stone Mining
20:57 Medium Warships
21:25 Fletching
21:42 Gillnets
23:29 Bow Saw
28:32 Gold Shaft Mining
28:04 Bodkin Arrow
44:50 Imperial Age
46:25 Hand Cart
45:57 Town Watch
46:39 Conscription
45:42 Heavy Scorpion
51:32 Scale Mail Armor
51:42 Forging
54:56 Chain Mail Armor
54:51 Forging
56:33 Plate Mail Armor
56:02 Stronghold
56:48 Hoardings
56:06 Gambesons
56:56 Pikeman
59:23 Murder Holes
Connection lost

Rejoining the realm…

Still unreachable

The connection could not be restored.

Session expired

The server has moved on; the page needs a fresh start.